 Dungeon Crawl Stone Soup version 0.28.0-53-g5a82cb258f (webtiles) character file.

Game seed: 16587170572933547556

11701 Doot the Carver (level 11, -2/68 HPs)
             Began as an Octopode Venom Mage on June 3, 2022.
             Was an Elder of Wu Jian.
             Slain by a centaur warrior (13 damage)
             ... on level 12 of the Dungeon on June 4, 2022.
             The game lasted 00:37:27 (18396 turns).

Doot the Carver (Octopode Venom Mage)              Turns: 18396, Time: 00:37:28

Health: -2/68      AC:  5    Str:  8    XL:     11   Next: 81%
Magic:  32/32      EV: 15    Int: 21    God:    Wu Jian [****..]
Gold:   407        SH:  0    Dex: 19    Spells: 8/27 levels left

rFire   . . .      SeeInvis .   k - +5 sword of Power {vorpal}
rCold   . . .      Faith    .   (shield currently unavailable)
rNeg    + . .      Spirit   .   (helmet restricted)
rPois   .          Reflect  .   d - amulet of the acrobat
rElec   .          Harm     .   z - ring of magical power
rCorr   .          Rampage  .   C - ring of positive energy
Will    .....                   D - +6 ring of dexterity
Stlth   +++++.....              H - +4 ring of protection
HPRegen 0.21/turn               (no ring)
MPRegen 0.23/turn               (no ring)
                                (no ring)
                                (no ring)

@: no status effects
A: almost no armour, amphibious, 8 rings, camouflage 1, gelatinous body 1,
(nimble swimmer 1), tentacles
a: Renounce Religion, Wall Jump, Serpent's Lash


You were on level 12 of the Dungeon.
You worshipped Wu Jian.
Wu Jian was greatly pleased with you.
You visited 2 branches of the dungeon, and saw 13 of its levels.
You also visited: Ossuary.

You collected 983 gold pieces.
You spent 576 gold pieces at shops.

Inventory:

Hand Weapons
 a - a +0 short sword
 g - a +0 demon trident
 k - the +5 sword of Power (weapon) {vorpal}
   (You found it on level 2 of the Dungeon)

   It inflicts extra damage upon your enemies.
   It occasionally discharges a powerful but inaccurate bolt of energy upon
   striking a foe, with increased chance the greater the wielder's current
   health.
Jewellery
 d - an amulet of the acrobat (around mantle)
 x - an amulet of guardian spirit
 z - a ring of magical power (left tentacle)
 B - a ring of fire
 C - a ring of positive energy (right tentacle)
 D - a +6 ring of dexterity (on tentacle)
 H - a +4 ring of protection (on tentacle)
Wands
 y - a wand of flame (22)
Scrolls
 e - 3 scrolls of amnesia
 f - a scroll of enchant armour
 i - a scroll of torment {unknown}
 j - a scroll of summoning {unknown}
 l - a scroll of fear
 n - a scroll of immolation
 p - 2 scrolls of blinking {unknown}
 t - a scroll of silence {unknown}
 w - a scroll of noise {unknown}
 F - a scroll of vulnerability {unknown}
Potions
 b - 2 potions of berserk rage
 c - 7 potions of degeneration
 o - a potion of haste
 q - 2 potions of mutation
 r - 3 potions of attraction
 u - a potion of magic
 A - a potion of might {unknown}
 E - a potion of flight {unknown}
Miscellaneous
 G - a lightning rod (3/4)


   Skills:
 + Level 3.9 Fighting
 + Level 0.1(6.5) Short Blades
 * Level 10.5 Long Blades
 + Level 0.1 Polearms
 + Level 3.5 Dodging
 + Level 7.6 Stealth
 + Level 0.2 Unarmed Combat
 * Level 8.9 Spellcasting
 + Level 1.5 Conjurations
 * Level 3.9 Necromancy
 + Level 2.1 Transmutations
 + Level 2.4 Air Magic
 + Level 9.2 Poison Magic
 * Level 3.5 Evocations


You had 8 spell levels left.
You knew the following spells:

 Your Spells              Type           Power      Damage    Failure   Level
a - Sting                 Tmut/Pois      100%       1d8       1%          1
b - Poisonous Vapours     Pois/Air       66%        N/A       1%          2
c - Mephitic Cloud        Conj/Pois/Air  27%        N/A       3%          3
d - Olgreb's Toxic Radia  Pois           48%        N/A       1%          4
e - Death's Door          Necr           12%        N/A       100%        9

Your spell library contained the following spells:

 Spells                   Type           Power      Damage    Failure   Level
 Borgnjor's Revivificati  Necr           12%        N/A       100%        8
 Necromutation            Tmut/Necr      11%        N/A       100%        8


Dungeon Overview and Level Annotations

Branches:
Dungeon (12/15)            Temple (1/1) D:5             Orc (0/2) D:12
Ossuary (visited)
   Lair: D:8-11

Altars:
Ru
Wu Jian

Shops:
D:5 *   D:11 [=

Annotations:
D:9 Maggie
D:11 Harold


Innate Abilities, Weirdness & Mutations

You cannot wear most types of armour.
You are amphibious.
You can wear up to eight rings at the same time.
Your skin changes colour to match your surroundings (Stealth+).
Your rubbery body absorbs attacks. (AC +1, EV +1)
((You are camouflaged when in or above water. (Stealth+)))
You have tentacles for arms and can constrict up to eight enemies at once.


Message History

The vampire mosquito completely resists.
The bolt of negative energy misses you.
You hear a shout!
The vampire mosquito barely misses you.
You miss the vampire mosquito. You grab the vampire mosquito.
You constrict the vampire mosquito. The vampire mosquito misses you.
The vampire mosquito bites you!
The vampire mosquito draws strength from your injuries!
You slash the vampire mosquito!
The vampire mosquito is severely damaged.
You constrict the vampire mosquito. The vampire mosquito bites you.
The vampire mosquito barely misses you.
You hit the centaur warrior but do no damage.
You squeeze the centaur warrior!
The centaur warrior is lightly wounded.
You constrict the vampire mosquito.
The vampire mosquito bites you but does no damage.
The centaur warrior unwields a +0 shortbow of flaming.
It stops flaming.
The centaur warrior closely misses you. The centaur warrior kicks you.
The vampire mosquito barely misses you. The centaur warrior hits you!
The centaur warrior kicks you. The vampire mosquito bites you.
The vampire mosquito draws strength from your injuries!
You closely miss the centaur warrior.
The centaur warrior is lightly wounded.
You constrict the vampire mosquito. The vampire mosquito bites you!
* * * LOW HITPOINT WARNING * * *
The vampire mosquito draws strength from your injuries!
The centaur warrior completely misses you.
The centaur warrior kicks you but does no damage.
The vampire mosquito bites you!
* * * LOW HITPOINT WARNING * * *
The vampire mosquito draws strength from your injuries!
The centaur warrior closely misses you.
The centaur warrior kicks you but does no damage.
You feel better.
You constrict the vampire mosquito. The vampire mosquito misses you.
The orc sorcerer gestures wildly while chanting.
The centaur warrior hits you!
You die...

#.##.# ##...## .# .. .#
#.#### .#.W##.##. ..#.#
#.# # ..#...... .##.# ...
.##c##......## .##.# .#...
#W#.##.##..#.####.##.# #
##....
###...##.#.#..##.#..##.#.#
#######...#
##o..#.#....###.#.# #.#.#
#cy#...c.###......# #.#.##
##@####### #.##.###
###.########## #.##.#
#.##.#...Z.. #.##.#
#.c......... #.##.#
####.#y#### #.##.### ###
..##...# #.####.# #.# #
#.#


You could see a centaur warrior, an orc sorcerer and a vampire mosquito.

Vanquished Creatures
  Erolcha (D:9)
  A two-headed ogre (D:9)
  A deep elf pyromancer (D:11)
  A cyclops (D:12)
  A gargoyle (D:12)
  A komodo dragon (D:12)
  A hornet (D:8)
  2 trolls (D:12)
  A shadow (D:12)
  26 yaks
  A wraith (D:9)
  A steam dragon (D:9)
  2 vampire mosquitoes (D:12)
  Duvessa (D:4)
  A water moccasin (D:8)
  2 orc warriors
  A sky beast (D:5)
  2 black bears
  A necrophage (D:8)
  2 ogres
  A phantom (D:6)
  A kobold brigand (D:6)
  A bullfrog (D:7)
  A gnoll sergeant (D:6)
  An elf zombie (Ossuary)
  2 scorpions (D:6)
  Dowan (D:4)
  21 killer bees
  9 wights
  2 howler monkeys (D:7)
  5 centaur zombies
  A human zombie (Ossuary)
  A jelly (D:5)
  2 orc priests
  2 hounds
  4 iguanas
  5 orc wizards
  3 ogre zombies (D:12)
  A hound zombie (Ossuary)
  4 mummies
  2 howler monkey zombies
  7 adders
  7 gnolls
  A white imp (D:6)
  3 ufetubi
  2 adder zombies (Ossuary)
  An adder skeleton (D:4)
  2 worms (D:4)
  A dart slug (D:2)
  11 orcs
  10 ball pythons
  5 bats
  3 endoplasms
  4 giant cockroaches
  8 goblins
  6 hobgoblins
  3 jackals (D:3)
  7 kobolds
  4 quokkas
  5 frilled lizards
  2 gnoll zombies (Ossuary)
  A goblin skeleton (D:12)
  3 goblin zombies (Ossuary)
  A hobgoblin skeleton (D:12)
  8 jackal zombies (Ossuary)
  3 kobold zombies (Ossuary)
  9 orc zombies
  7 quokka zombies (Ossuary)
  11 rats
  5 rat zombies (Ossuary)
260 creatures vanquished.

Notes
Turn   | Place    | Note
-------+----------+-------------------------------------------
     0 | D:1      | Doot the Octopode Venom Mage began the quest for the Orb.
     0 | D:1      | Reached XP level 1. HP: 11/11 MP: 3/3
   404 | D:1      | Reached XP level 2. HP: 9/17 MP: 1/5
   560 | D:1      | Learned a level 2 spell: Poisonous Vapours
   738 | D:1      | Reached XP level 3. HP: 11/21 MP: 0/6
   879 | D:1      | Learned a level 3 spell: Mephitic Cloud
  1630 | D:1      | Found a faded altar of an unknown god.
  1699 | D:1      | Prayed at the altar of an unknown god.
  1699 | D:1      | Became a worshipper of the Wu Jian Council
  1699 | D:1      | Reached * piety under Wu Jian
  1964 | D:2      | Reached XP level 4. HP: 11/27 MP: 2/7
  2438 | D:2      | Found the +5 sword of Power {vorpal}
  3085 | D:3      | Reached XP level 5. HP: 32/32 MP: 4/9
  3130 | D:3      | Reached ** piety under Wu Jian
  3437 | D:4      | Reached skill level 1 in Long Blades
  3450 | D:4      | Noticed Duvessa
  3454 | D:4      | Noticed Dowan
  3498 | D:4      | Found a sand-covered staircase.
  3506 | Ossuary  | Entered an ossuary
  3735 | Ossuary  | Reached skill level 2 in Long Blades
  4190 | Ossuary  | Reached skill level 1 in Fighting
  4190 | Ossuary  | Reached XP level 6. HP: 29/38 MP: 10/10
  4200 | Ossuary  | Learned a level 4 spell: Olgreb's Toxic Radiance
  4331 | Ossuary  | Reached skill level 3 in Long Blades
  4533 | Ossuary  | Reached *** piety under Wu Jian
  4544 | Ossuary  | Reached skill level 5 in Stealth
  4694 | D:4      | Killed Dowan
  4713 | D:5      | Entered Level 5 of the Dungeon
  4771 | D:5      | Reached skill level 4 in Long Blades
  4771 | D:5      | Reached XP level 7. HP: 43/43 MP: 11/11
  4783 | D:5      | Found Bopt's Neck Hole.
  5459 | D:5      | Reached skill level 5 in Long Blades
  5573 | D:5      | Identified the +1 chain mail of Gluttony {rPois Str+4 Int-5
                  | Dex+2}
  5629 | D:5      | Reached XP level 8. HP: 33/48 MP: 13/13
  5815 | D:5      | Reached skill level 1 in Conjurations
  6101 | D:5      | Reached skill level 1 in Air Magic
  6179 | D:5      | Reached skill level 6 in Long Blades
  6209 | D:5      | Found a staircase to the Ecumenical Temple.
  6217 | Temple   | Entered the Ecumenical Temple
  7168 | D:6      | Reached skill level 1 in Evocations
  7175 | D:6      | Reached skill level 5 in Poison Magic
  8144 | D:6      | Reached XP level 9. HP: 54/54 MP: 11/16
  8493 | D:7      | Reached skill level 5 in Spellcasting
  9725 | D:8      | Reached skill level 7 in Long Blades
 10256 | D:8      | Noticed a hornet
 10563 | D:8      | Paralysed by a hornet for 1 turns
 10565 | D:8      | Killed a hornet
 10831 | D:8      | Reached XP level 10. HP: 53/60 MP: 11/20
 11461 | D:8      | Reached **** piety under Wu Jian
 11786 | D:9      | Reached skill level 8 in Long Blades
 11910 | D:9      | Learned a level 9 spell: Death's Door
 12053 | D:9      | Reached skill level 1 in Necromancy
 12763 | D:4      | Killed Duvessa
 13641 | D:9      | Noticed Erolcha
 13790 | D:10     | Entered Level 10 of the Dungeon
 13981 | D:10     | Reached skill level 9 in Long Blades
 14392 | D:10     | Reached XP level 11. HP: 67/67 MP: 23/23
 15145 | D:10     | Found a sacrificial altar of Ru.
 15573 | D:11     | Noticed Harold
 15632 | D:11     | Found Ybomp's Jewellery Shop.
 15634 | D:11     | Found Koethreo's Armour Emporium.
 15645 | D:11     | Bought a +4 ring of protection for 576 gold pieces
 16210 | D:9      | Noticed Maggie
 16346 | D:9      | Killed Erolcha
 16573 | D:9      | Noticed a two-headed ogre
 16585 | D:9      | Killed a two-headed ogre
 16586 | D:9      | Reached skill level 10 in Long Blades
 16940 | D:11     | Noticed a deep elf pyromancer
 16941 | D:11     | Killed a deep elf pyromancer
 17617 | D:12     | Found a staircase to the Orcish Mines.
 17617 | D:12     | Noticed an orc sorcerer
 17671 | D:12     | Noticed a cyclops
 17683 | D:12     | Killed a cyclops
 17748 | D:12     | Noticed a centaur warrior
 17752 | D:12     | HP: 3/68 [centaur warrior (7)]
 17963 | D:12     | Noticed a seven-headed hydra
 18156 | D:12     | Noticed a two-headed ogre
 18396 | D:12     | Slain by a centaur warrior

Illustrated notes

Levels and vault maps discovered:
D:1:      sevenhm_arrival_forest_fort_small_6, layout_basic,
          shapermc_ecumenical_altar_pompeii, roderic_lattice_a
D:2:      layout_rooms
D:3:      layout_basic
D:4:      layout_rooms, gup_ossuary_entry_pyramid, uniq_duvessa
D:5:      layout_basic, minmay_temple_entry_nine_rooms, minmay_misc_feat_chi,
          minivault_26, nicolae_shop_sticking_my_neck_out
D:6:      minmay_polygon_palace, layout_loops_ring
D:7:      layout_basic
D:8:      layout_cave_pods, minivault_27, serial_park_tiny_pond,
          nicolae_elevator_lobby_plus
D:9:      layout_roguey, serial_glass, glass_columns_a, glass_columns_a,
          glass_columns_a, uniq_erolcha, uniq_maggie
D:10:     layout_loops_corners, marbit_many_paths
D:11:     layout_small_grid, david_lair_generic, serial_shops, shop_fountains,
          shop, nicolae_stop_n_shop_2, shop, uniq_harold
D:12:     layout_basic, zombieorc1_lemuel, uniq_psyche, uniq_gastronok
Temple:   kilobyte_greek_temple

Skill      XL: |  1  2  3  4  5  6  7  8  9 10 11 |
---------------+----------------------------------+-----
Poison Magic   | 4 6 7 8 9 |  9.2
Stealth        | 3 4 5 6 7 |  7.6
Long Blades    | 2 4 5 6 7 9 10 | 10.5
Fighting       | 1 2 3 |  3.9
Spellcasting   | 3 4 7 8 |  8.9
Conjurations   | 1 |  1.5
Air Magic      | 1 2 |  2.4
Evocations     | 1 3 |  3.5
Dodging        | 3 |  3.5
Necromancy     | 2 3 |  3.9
Transmutations | 2 |  2.1
Short Blades   | |  0.1
Polearms       | |  0.1
Unarmed Combat | |  0.2

Action                   |  1- 3 |  4- 6 |  7- 9 | 10-12 || total
-------------------------+-------+-------+-------+-------++-------
Melee: Unarmed           |     6 |       |       |       ||     6
       Constrict         |    20 |    28 |    17 |    14 ||    79
       Short sword       |    58 |       |       |       ||    58
       Tentacles         |    15 |    14 |    18 |    30 ||    77
       Punch             |     1 |       |     2 |     3 ||     6
       Great sword       |       |   101 |    92 |   149 ||   342
       Demon trident     |       |    11 |       |       ||    11
 Cast: Sting             |     7 |       |     2 |     2 ||    11
       Poisonous Vapours |    14 |    14 |    10 |       ||    38
       Mephitic Cloud    |       |     4 |     4 |    16 ||    24
       Olgreb's Toxic Ra |       |       |    29 |    33 ||    62
Invok: Lunge             |     4 |    17 |    14 |    16 ||    51
       Whirlwind         |     3 |     2 |     6 |     8 ||    19
 Abil: Wall Jump         |       |       |    11 |    10 ||    21
Evoke: Wand              |       |       |     1 |       ||     1
       Lightning rod     |       |       |       |     1 ||     1
  Use: Scroll            |       |     5 |     2 |    14 ||    21
       Potion            |       |     1 |       |     5 ||     6
 Stab: Sleeping          |     8 |    22 |    10 |    11 ||    51
       Distracted        |       |       |       |     2 ||     2
       Confused          |       |       |       |     2 ||     2
Armor: Skin              |    10 |    13 |     5 |    23 ||    51
Dodge: Dodged            |    42 |    73 |    62 |   124 ||   301
